 Dungeon Crawl Stone Soup version 0.31-a0-854-g362426d53f (webtiles) character file.

Game seed: 7970133357496406917

807 croobank the Covert (level 7, -2/60 HPs)
             Began as a Gnoll Delver on Oct 8, 2023.
             Slain by Duvessa
             ... wielding a +0 short sword
              (3 damage)
             ... on level 4 of the Dungeon.
             The game lasted 00:16:25 (4204 turns).

croobank the Covert (Gnoll Delver)                  Turns: 4204, Time: 00:16:25

Health: -2/60      AC:  3    Str: 11    XL:     7   Next: 92%
Magic:  11/11      EV: 13    Int: 11    God:
Gold:   160        SH:  0    Dex: 14    Spells: 7/11 levels left

rFire   + . .        a - +4 short sword
rCold   + . .        (no shield)
rNeg    . . .        t - +0 leather armour
rPois   +            k - melded +1 helmet
rElec   +            p - melded +0 cloak
rCorr   +            (gloves currently unavailable)
SInv    .            (boots currently unavailable)
Will    .....        (no amulet)
Stlth   ++++         (no ring)
HPRegen 0.30/turn    (no ring)
MPRegen 0.12/turn

%: no passive effects
@: beast-form, resistant, hasted, studying Maces & Flails, very quick
A: beast (slay +1), fangs 1, strong nose, distributed training
a: Begin Untransformation


You were on level 4 of the Dungeon.
You were a hulking beast.
You visited 1 branch of the dungeon, and saw 7 of its levels.

You collected 160 gold pieces.

Inventory:

Hand Weapons
 a - a +4 short sword (weapon)
 b - a +0 sling
 j - a +2 hand axe of electrocution
 m - a +0 rapier
 o - a +0 dagger
 x - a +0 trident
 y - a +0 war axe
Missiles
 d - 4 boomerangs
 z - 9 poisoned darts
Armour
 k - a +1 helmet (melded)
 p - a +0 cloak (melded)
 t - a +0 leather armour (worn)
 A - a +0 ring mail
Jewellery
 s - an amulet of regeneration
Talismans
 C - a beast talisman (active)
Wands
 g - a wand of digging (5)
Scrolls
 c - a scroll of fog
 n - a scroll of amnesia {unknown}
 w - 3 scrolls of identify
 B - a scroll of acquirement {unknown}
Potions
 h - a potion of brilliance
 q - a potion of resistance
 r - a potion of mutation {unknown}
 u - a potion of ambrosia {unknown}
 v - a potion of curing {unknown}
 D - a potion of cancellation {unknown}


   Skills:
 + Level 7.2 Fighting
 + Level 5.4 Short Blades
 + Level 2.8 Long Blades
 + Level 2.8 Axes
 + Level 3.5 Maces & Flails
 + Level 2.8 Polearms
 + Level 2.8 Staves
 + Level 2.8 Ranged Weapons
 + Level 2.8 Throwing
 + Level 2.8 Armour
 + Level 5.4 Dodging
 + Level 10.0 Stealth
 + Level 2.8 Shields
 + Level 2.8 Unarmed Combat
 + Level 2.8 Spellcasting
 + Level 2.3 Conjurations
 + Level 2.3 Hexes
 + Level 2.3 Summonings
 + Level 2.3 Necromancy
 + Level 2.3 Translocations
 + Level 2.3 Transmutations
 + Level 2.3 Fire Magic
 + Level 2.3 Ice Magic
 + Level 2.3 Air Magic
 + Level 2.3 Earth Magic
 + Level 2.3 Poison Magic
 + Level 3.1 Invocations
 + Level 2.8 Evocations
 + Level 2.5 Shapeshifting


You had 7 spell levels left.
You knew the following spells:

 Your Spells              Type           Power      Damage    Failure   Level
a - Poisonous Vapours     Pois/Air       12%        N/A       21%         2
b - Wereblood             Tmut           6%         N/A       21%         2

Your spell library contained the following spells:

 Spells                   Type           Power      Damage    Failure   Level
 Cigotuvi's Dreadful Rot  Necr/Pois/Air  12%        N/A       21%         2
 Ignite Poison            Fire/Tmut/Pois 6%         N/A       36%         3
 Mephitic Cloud           Conj/Pois/Air  6%         N/A       36%         3
 Stone Arrow              Conj/Erth      12%        3d7       36%         3
 Summon Guardian Golem    Hex/Summ       6%         N/A       36%         3
 Tukima's Dance           Hex            6%         N/A       36%         3
 Animate Armour           Summ/Erth      12%        N/A       78%         4
 Manifold Assault         Tloc           6%         N/A       78%         4
 Passage of Golubria      Tloc           6%         N/A       78%         4
 Freezing Cloud           Conj/Ice/Air   3%         6-21      98%         5
 Irradiate                Conj/Tmut      3%         3d12      98%         5
 Yara's Violent Unravell  Hex/Tmut       3%         3d4       98%         5
 Dispersal                Tloc           3%         N/A       100%        6
 Orb of Destruction       Conj           3%         9d5       100%        7
 Spellforged Servitor     Conj/Summ      3%         N/A       100%        7
 Disjunction              Tloc           3%         N/A       100%        8
 Lehudib's Crystal Spear  Conj/Erth      3%         10d2      100%        8


Dungeon Overview and Level Annotations

Branches:
Dungeon (7/15)             Temple (0/1) D:4

Altars:
Vehumet
Xom

Annotations:
D:4 Blork the orc, Duvessa


Innate Abilities, Weirdness & Mutations

You are a hulking beast.
Your limbs bulge with bestial killing power. (Slay +1)
You have very sharp teeth.
Your uncanny sense of smell can sniff out nearby items.
Your experience applies equally to all skills.


Message History

You hit Duvessa.
Duvessa is severely wounded.
Duvessa barely misses you.
You puncture Duvessa! You bite Duvessa, but do no damage.
Duvessa is almost dead.
You hit Duvessa but do no damage.
Duvessa is almost dead.
Duvessa hits you with a +0 short sword!
You hit Duvessa but do no damage.
Duvessa is almost dead.
Duvessa hits you with a +0 short sword.
You hit Duvessa.
Duvessa is almost dead.
Duvessa hits you with a +0 short sword!
* * * LOW HITPOINT WARNING * * *
You hit Duvessa but do no damage.
Duvessa is almost dead.
You hit Duvessa but do no damage. You bite Duvessa.
Duvessa is almost dead.
Duvessa closely misses you.
Okay, then.
Okay, then.
Okay, then.
Okay, then.
You hit Duvessa.
Duvessa is almost dead.
Duvessa barely misses you.
You hit Duvessa but do no damage.
Duvessa is almost dead.
You hit Duvessa. You bite Duvessa, but do no damage.
Duvessa is almost dead.
Duvessa hits you with a +0 short sword!
* * * LOW HITPOINT WARNING * * *
You hit Duvessa.
Duvessa is almost dead.
Duvessa barely misses you.
It was a potion of resistance.
You feel protected. Duvessa hits you with a +0 short sword.
You die...

#.....## #......#
##..∩...#######......#
#.....................
#....................#
#.....#...............
####.............#####
####..........#....
#######.........PP....
#<...he.....(.)P≈≈....
#############.#.≈≈....
#.....P... ######....
*####


You could see Duvessa (berserk).

Vanquished Creatures
  Grinder (D:3)
  Eustachio (D:4)
  2 ogres
  Dowan (D:4)
  A jelly (D:6)
  An iguana (D:4)
  3 gnolls (D:3)
  4 adders
  3 shadow imps (D:4)
  A white imp (D:4)
  2 ufetubi (D:4)
  A worm (D:3)
  2 dart slugs (D:1)
  9 orcs (D:3)
  6 ball pythons
  3 bats
  9 endoplasms
  5 giant cockroaches
  8 hobgoblins
  10 kobolds
  3 quokkas
  3 frilled lizards
  5 goblins
  4 rats
88 creatures vanquished.

Notes
Turn   | Place    | Note
-------+----------+-------------------------------------------
     0 | D:5      | Reached skill level 9 in Stealth
     0 | D:5      | croobank the Gnoll Delver began the quest for the Orb.
     0 | D:5      | Reached XP level 1. HP: 23/23 MP: 1/1
    43 | D:7      | Noticed a jelly
    43 | D:7      | Found a shimmering altar of Xom.
    61 | D:6      | Noticed a scorpion
    62 | D:6      | Noticed an ogre
    70 | D:6      | Killed an ogre
    71 | D:6      | Reached skill level 1 in Long Blades
    71 | D:6      | Reached skill level 1 in Axes
    71 | D:6      | Reached skill level 1 in Maces & Flails
    71 | D:6      | Reached skill level 1 in Polearms
    71 | D:6      | Reached skill level 1 in Staves
    71 | D:6      | Reached skill level 1 in Ranged Weapons
    71 | D:6      | Reached skill level 1 in Throwing
    71 | D:6      | Reached skill level 1 in Armour
    71 | D:6      | Reached skill level 1 in Shields
    71 | D:6      | Reached skill level 1 in Unarmed Combat
    71 | D:6      | Reached skill level 1 in Spellcasting
    71 | D:6      | Reached skill level 1 in Invocations
    71 | D:6      | Reached skill level 1 in Evocations
    71 | D:6      | Reached skill level 1 in Shapeshifting
    71 | D:6      | Reached XP level 2. HP: 29/29 MP: 1/3
    71 | D:6      | Reached XP level 3. HP: 35/35 MP: 1/4
    71 | D:6      | Reached XP level 4. HP: 41/41 MP: 1/5
   124 | D:6      | Reached skill level 1 in Conjurations
   124 | D:6      | Reached skill level 1 in Hexes
   124 | D:6      | Reached skill level 1 in Summonings
   124 | D:6      | Reached skill level 1 in Necromancy
   124 | D:6      | Reached skill level 1 in Translocations
   124 | D:6      | Reached skill level 1 in Transmutations
   124 | D:6      | Reached skill level 1 in Fire Magic
   124 | D:6      | Reached skill level 1 in Ice Magic
   124 | D:6      | Reached skill level 1 in Air Magic
   124 | D:6      | Reached skill level 1 in Earth Magic
   124 | D:6      | Reached skill level 1 in Poison Magic
   237 | D:4      | Noticed Eustachio
   237 | D:4      | Found a radiant altar of Vehumet.
   252 | D:4      | Killed Eustachio
   253 | D:4      | Reached XP level 5. HP: 23/47 MP: 5/7
   253 | D:4      | Reached XP level 6. HP: 26/53 MP: 5/8
   391 | D:4      | Found a staircase to the Ecumenical Temple.
   494 | D:2      | Found a radiant altar of Vehumet.
   592 | D:2      | Reached skill level 5 in Short Blades
   592 | D:2      | Reached skill level 5 in Dodging
  2394 | D:2      | Learned a level 2 spell: Poisonous Vapours
  2656 | D:3      | Learned a level 2 spell: Wereblood
  2830 | D:3      | Noticed Grinder
  2839 | D:3      | Paralysed by Grinder for 4 turns
  2846 | D:3      | Killed Grinder
  2847 | D:3      | Reached XP level 7. HP: 60/60 MP: 8/10
  3561 | D:4      | Reached skill level 10 in Stealth
  3762 | D:4      | Noticed Blork the orc
  3797 | D:4      | Noticed Dowan
  3966 | D:4      | Noticed Duvessa
  4159 | D:4      | Killed Dowan
  4202 | D:4      | HP: 1/60 [Duvessa/+0 short sword (8)]
  4204 | D:4      | Slain by Duvessa

Illustrated notes

Levels and vault maps discovered:
D:1:      psy_arrival_radial01, layout_loops_ring
D:2:      layout_basic, basic_altar, serial_co_window_serial,
          co_window_corner_a, co_window_paths_a, co_window_of_opportunity_a,
          co_window_of_opportunity_a, co_window_paths_a, co_window_paths_a,
          co_window_corner_a, co_window_of_opportunity_b, co_window_corner_b,
          co_window_paths_c, co_window_sun, glass_columns_b, glass_columns_b,
          glass_columns_a, glass_columns_b
D:3:      layout_loops_ring, uniq_grinder
D:4:      nicolae_cairo_tiling_very_big, layout_basic,
          mainiacjoe_overflow_concentric_impassable,
          minmay_temple_entry_junction, serial_demonic, serial_demonic_c,
          serial_demonic_g, serial_demonic_e, serial_demonic_d,
          serial_demonic_a, serial_bayou_pond_e, uniq_blork_the_orc,
          uniq_duvessa, uniq_eustachio
D:5:      layout_loops_cross
D:6:      layout_gridville, nicolae_ru_the_path_less_chosen, uniq_pikel
D:7:      layout_loops_ring, nicolae_hepliaklqana_monster_ancestors,
          xom_butterflies, grunt_ministairs_10

Skill      XL: |  1  2  3  4  5  6  7 |
---------------+----------------------+-----
Stealth        | 10 | 10.0
Long Blades    | 1 2 |  2.8
Axes           | 1 2 |  2.8
Maces & Flails | 1 2 3 |  3.5
Polearms       | 1 2 |  2.8
Staves         | 1 2 |  2.8
Ranged Weapons | 1 2 |  2.8
Throwing       | 1 2 |  2.8
Armour         | 1 2 |  2.8
Shields        | 1 2 |  2.8
Unarmed Combat | 1 2 |  2.8
Spellcasting   | 1 2 |  2.8
Invocations    | 1 2 3 |  3.1
Evocations     | 1 2 |  2.8
Shapeshifting  | 1 2 |  2.5
Conjurations   | 1 2 |  2.3
Hexes          | 1 2 |  2.3
Summonings     | 1 2 |  2.3
Necromancy     | 1 2 |  2.3
Translocations | 1 2 |  2.3
Transmutations | 1 2 |  2.3
Fire Magic     | 1 2 |  2.3
Ice Magic      | 1 2 |  2.3
Air Magic      | 1 2 |  2.3
Earth Magic    | 1 2 |  2.3
Poison Magic   | 1 2 |  2.3
Short Blades   | 5 |  5.4
Dodging        | 5 |  5.4
Fighting       | 7 |  7.2

Action                     |  1- 3 |  4- 6 |  7- 9 || total
---------------------------+-------+-------+-------++-------
  Melee: Short sword       |     1 |   181 |   113 ||   295
         Bite              |       |    23 |    14 ||    37
         Punch             |       |     1 |     3 ||     4
  Throw: Throwing net      |       |     3 |     1 ||     4
   Cast: Wereblood         |       |     4 |     9 ||    13
  Evoke: Wand              |       |       |     1 ||     1
    Use: Scroll            |       |     9 |     2 ||    11
         Potion            |       |       |     5 ||     5
   Stab: Sleeping          |     1 |    22 |     4 ||    27
         Distracted        |       |     2 |       ||     2
 Armour: Leather armour    |       |    65 |    78 ||   143
  Dodge: Dodged            |       |    87 |    88 ||   175
   Form: Beast             |       |       |     1 ||     1

Table legend: (Time is in decaauts)
 A = Elapsed time spent in this place.
 B = Non-inter-level travel time spent in this place.
 C = Inter-level travel time spent in this place.
 D = Time resting spent in this place.
 E = Time spent auto-exploring this place.
 F = Levels seen in this place.
 G = Mean time per level.
                   A        B        C        D        E       F      G
               +--------+--------+--------+--------+--------+-----+--------+
         Total |   4120 |   3929 |    191 |    710 |   1975 |   7 |  588.6 |
       Dungeon |   4120 |   3929 |    191 |    710 |   1975 |   7 |  588.6 |
               +--------+--------+--------+--------+--------+-----+--------+

Top non-repeatable levels by time:
     D:2: 1197 daAuts
     D:3: 1081 daAuts
     D:1: 826 daAuts
     D:4: 778 daAuts
     D:6: 217 daAuts
     D:5: 18 daAuts
     D:7: 1 daAuts
